[Event "NJSK 2024 C"]
[Site "Groningen, Netherlands"]
[Date "2024.05.01"]
[Round "6.5"]
[White "Ambrona Navarro, Himar"]
[Black "Grooten, Tommy"]
[Result "0-1"]
[TimeControl "90min/40moves + 30min + 30sec/move"]
[WhiteElo "1963"]
[BlackElo "2018"]

1. d4 c5 2. d5 e5 3. e4 d6 4. Nc3 Be7 5. Bb5+ Nd7 6. a4 Ngf6 7. Nf3 O-O 8. h3 a6 9. Bd3 Rb8 10.
O-O Re8 11. Re1 Nf8 12. Nd2 Bd7 13. a5 Ng6 14. Nc4 h6 15. Na4 Bxa4 16. Rxa4 Nh7 17. Ne3 Bg5 18. Bf1 Qd7 19. b3 Nf6 20.
Nc4 Qe7 21. Bxg5 hxg5 22. Ne3 Qd7 23. Qf3 Nh4 24. Qg3 Nh7 25. Qg4 Qd8 26. Nc4 Ng6 27. b4 cxb4 28. Rxb4 Ne7 29. Qe2 f5 30.
f3 Nf6 31. Reb1 Qc7 32. Nb6 Rf8 33. Qc4 Qd8 34. R4b3 g4 35. hxg4 fxg4 36. fxg4 Ng6 37. Be2 Nh7 38. Rc3 Nf4 39.
Bf3 Qh4 40. Nd7 Qg3 41. Kh1 Ng5 42. Qf1 Kf7 43. Nxf8 Rxf8 44.
Qe1 Rh8+ 45. Kg1 Nxf3+ 46. Rxf3 Qxg2# 0-1

[Event "NJSK 2024 C"]
[Site "Groningen, Netherlands"]
[Date "2024.05.01"]
[Round "6.6"]
[White "Ngangbam, Chingthang"]
[Black "Zecha, Oscar"]
[Result "1/2-1/2"]
[TimeControl "90min/40moves + 30min + 30sec/move"]
[WhiteElo "1713"]
[BlackElo "1998"]

1. e4 e5 2. Nf3 Nc6 3. Bc4 Bc5 4. c3 Nf6 5. d4 exd4 6. e5 d5 7. Bb5 Ne4 8. cxd4 Bb6 9. Nc3 O-O 10.
h3 Nxc3 11. bxc3 f6 12. O-O fxe5 13. Bxc6 bxc6 14. Nxe5 c5 15. Ba3 Qg5 16. Qd3 Rf5 17. dxc5 Rxe5 18. f4 Qf5 19. Qf3 Re6 20.
cxb6 axb6 21. Bb2 Ra4 22. Rad1 Bb7 23. a3 Bc6 24. Qg3 Re2 25. Rf2 Rxf2 26. Qxf2 Rxf4 27. Qg3 Qe5 28. Rd3 Re4 29.
Qxe5 Rxe5 30. c4 dxc4 31. Bxe5 cxd3 32. Bf4 Kf7 33. Kf2 Ke6 34. g3 Kd5 35. Ke3 Bd7 36. Kxd3 Bf5+ 37. Kc3 c5 38.
h4 Kc6 39. Be5 g6 40. Bf4 Kb5 41. Bc7 Kc6 42. Bf4 Kd5 43. Bc7 b5 44. Bf4 Ke4 45. Bd6 Kf3 46. Bf4 Ke4 47. Bd6 Kd5 48.
Bf4 Kc6 49. Be5 Kb6 50. Bd6 Be4 51. Bf4 Ka5 52. Bd6 Kb6 53. Bf4 Kc6 54. Be5 Kd5 55. Bf4 Bb1 56. Be3 Ba2 57. Bf2 Bb1 58.
Be3 Bf5 59. Bf4 Ke4 60. Bd6 Kf3 61. Bf4 h6 62. Bxh6 Kxg3 63. Bg5 Be6 64. Be7 Bd7 65. Bf6 Bc6 1/2-1/2

[Event "NJSK 2024 C"]
[Site "Groningen, Netherlands"]
[Date "2024.05.01"]
[Round "6.7"]
[White "De Wit, Evan"]
[Black "Tetova, Amir"]
[Result "0-1"]
[TimeControl "90min/40moves + 30min + 30sec/move"]
[WhiteElo "1769"]
[BlackElo "1767"]

1. d4 Nf6 2. Bf4 g6 3. Nc3 Bg7 4. e4 d6 5. Qd2 O-O 6. O-O-O Nbd7 7. e5 Nh5 8. Bh6 dxe5 9. Bxg7 Nxg7 10.
dxe5 c6 11. g4 Qc7 12. f4 Nb6 13. Be2 Be6 14. Nh3 Rad8 15. Qe3 Rxd1+ 16. Rxd1 f5 17. Ng5 fxg4 18. Nxe6 Nxe6 19. Bxg4 Nxf4 20. Rf1 Nc4 21. Qg3 Nxe5 22.
Rd1 Nxg4 23. Qxg4 Rf5 24. Rg1 Qe5 25. Rd1 Nd5 26. Nxd5 cxd5 27. Qa4 Qe3+ 28. Kb1 Qe2 29. Qd4 e6 30.
b3 a6 31. Rc1 Qxh2 32. Qc5 Qb8 33. Qe7 Qc8 34. Rh1 Rf7 35.
Qd6 Qd7 36. Qb8+ Rf8 37. Qe5 Rf5 38. Qb8+ Kg7 39. Qg3 Qf7 40. Qh3 Kg8 41. Qg2 Rf2 42. Qh3 h5 43. a3 Qf5 44. Qc3 Rf1+ 45.
Rxf1 Qxf1+ 46. Kb2 Qf7 47. Ka2 h4 48. Qe5 h3 49. Qg3 Qf5 50. Qb8+ Kg7 51. Qxb7+ Kh6 52. Qc8 g5 53. Qh8+ Kg6 54.
Qg8+ Kh5 55. Qh8+ Kg4 56. Qd4+ Kg3 57. Qe3+ Kh4 58. Qd4+ g4 59. Qh8+ Kg3 60. Qc3+ Kg2 61. Qd2 Qf2 62.
Qg5 Qxc2+ 63. Ka1 Qd1+ 64. Ka2 h2 0-1

[Event "NJSK 2024 C"]
[Site "Groningen, Netherlands"]
[Date "2024.05.01"]
[Round "6.8"]
[White "Guillaumond, Matthieu"]
[Black "Roorda, Cas"]
[Result "0-1"]
[TimeControl "90min/40moves + 30min + 30sec/move"]
[WhiteElo "1945"]
[BlackElo "1828"]

1. e4 e6 2. d4 d5 3. Nc3 Bb4 4. e5 c5 5. a3 Bxc3+ 6. bxc3 Ne7 7. h4 Qc7 8. Nf3 b6 9. h5 h6 10.
a4 Ba6 11. Bb5+ Bxb5 12. axb5 a6 13. O-O Qb7 14. bxa6 Nxa6 15. Ba3 O-O 16. Qe2 Qc6 17. Rfb1 Nc7 18. c4 Ra4 19. Nd2 dxc4 20.
dxc5 b5 21. Ne4 Rfa8 22. Bb2 Rxa1 23. Rxa1 Na6 24. Qf3 Nc7 25. Rd1 Ned5 26. Nd6 Rf8 27. Bd4 Qd7 28. Ra1 Ra8 29. Rxa8+ Nxa8 30.
c6 Qc7 31. g4 Nb4 32. g5 hxg5 33. h6 gxh6 34. Qf6 Nd5 35. Qxh6 Qd8 36. Kf1 Nac7 37. Ne4 Qf8 38. Qxg5+ Qg7 39. Nf6+ Nxf6 40. Qxg7+ Kxg7 41. exf6+ Kf8 42. Be5 Nd5 43. Ke2 Ke8 44. Kd2 Nb4 45. c7 Kd7 46. Kc3 Nc6 47. Bd6 Kc8 48.
f4 Kd7 49. Bb4 Kxc7 50. Bc5 Nb8 51. Kd4 Kc6 52. c3 Na6 53. Ba7 Kb7 54. Bc5 Nxc5 55. Kxc5 Ka6 56. Kd6 b4 57. Ke7 b3 58. Kxf7 b2 59. Kxe6 b1=Q 60. f7 Qb6 61. Ke7 Qc7+ 62. Ke8 Qc8+ 63. Ke7 Qc5+ 64. Ke8 Qe3+ 0-1

[Event "NJSK 2024 C"]
[Site "Groningen, Netherlands"]
[Date "2024.05.01"]
[Round "6.9"]
[White "Leenen, Boyd"]
[Black "Lalkota, Sai Pranav Tejas"]
[Result "1/2-1/2"]
[TimeControl "90min/40moves + 30min + 30sec/move"]
[WhiteElo "1920"]
[BlackElo "1782"]

1. d4 Nf6 2. c4 c5 3. d5 b5 4. cxb5 a6 5. bxa6 Bxa6 6. Nc3 g6 7. Nf3 Bg7 8. g3 d6 9. Bg2 Nbd7 10.
O-O O-O 11. Re1 Qc7 12. e4 Rfb8 13. Qc2 Ng4 14. Bf4 Nge5 15. Bxe5 Nxe5 16. Nxe5 Bxe5 17. Bf1 Bxf1 18. Rxf1 Qa5 19.
Rfc1 Kg7 20. Kg2 h5 21. a3 Ra7 22. Rab1 Rab7 23. Nd1 Rb3 24. Qe2 Qb6 25. Ne3 Rxb2 26. Rxb2 Qxb2 27. Qxb2 Rxb2 28.
Nc4 Ra2 29. Nxe5 dxe5 30. Rc3 Kf8 31. Rxc5 Rxa3 32. Rc8+ Kg7 33. h4 Ra4 34. Rc7 Rxe4 35. Rxe7 Kf6 36. Ra7 Rd4 37. Ra6+ Kf5 38.
Rd6 Rd2 39. Rd7 e4 1/2-1/2

[Event "NJSK 2024 C"]
[Site "Groningen, Netherlands"]
[Date "2024.05.01"]
[Round "6.10"]
[White "Frederiks, Jesse"]
[Black "Koppenens, Oscar"]
[Result "1/2-1/2"]
[TimeControl "90min/40moves + 30min + 30sec/move"]
[WhiteElo "1718"]
[BlackElo "1893"]

1. d4 Nf6 2. c4 g6 3. Nc3 d5 4. Nf3 Bg7 5. e3 dxc4 6. Bxc4 c5 7. Bd2 cxd4 8. Nxd4 O-O 9. O-O a6 10.
h3 b5 11. Be2 Bb7 12. Bf3 Bxf3 13. Nxf3 Nbd7 14. Ne2 Ne4 15. Bc3 Nxc3 16. Nxc3 Rc8 17. Rc1 Nc5 18. Qe2 Qd3 19. Rfd1 Qxe2 20.
Nxe2 Bxb2 21. Rc2 Na4 22. Rcd2 e5 23. Rd6 e4 24. Nfd4 Nc5 25. Nb3 Be5 26. Nxc5 Bxd6 27. Nd7 Bb8 28.
Nxf8 Kxf8 29. Rd2 Ke7 30. Kf1 Be5 31. Nd4 f5 32. Nb3 Bc3 33. Rc2 Rc4 34. Ke2 a5 35. a4 bxa4 36. Nxa5 Rc7 37.
Nb7 a3 38. f3 a2 39. Rxa2 Rxb7 40. fxe4 Rb2+ 41. Rxb2 Bxb2 42. exf5 gxf5 43. g4 fxg4 44. hxg4 Kf6 45. Kf2 Kg5 46.
Kg2 Kxg4 47. Kh1 Be5 48. e4 Kf3 49. Kg1 h5 50. Kh1 h4 51. Kg1 Kg3 52. Kh1 Bf6 53. e5 Be7 54. e6 h3 55.
Kg1 h2+ 56. Kh1 Kh3 1/2-1/2

[Event "NJSK 2024 C"]
[Site "Groningen, Netherlands"]
[Date "2024.05.01"]
[Round "6.11"]
[White "Winter, Sven"]
[Black "Van Haaften, Jelle"]
[Result "1-0"]
[TimeControl "90min/40moves + 30min + 30sec/move"]
[WhiteElo "1768"]
[BlackElo "1655"]

1. e4 c6 2. c4 d5 3. exd5 cxd5 4. cxd5 Nf6 5. Nc3 Nxd5 6. Nf3 Bg4 7. Bc4 Nb6 8. Bxf7+ Kxf7 9. Ne5+ Ke8 10.
Qxg4 Qd6 11. d4 g6 12. O-O Bg7 13. Bf4 Qxd4 14. Nb5 Qd8 15. Nxg6 hxg6 16. Qxg6+ Kf8 17. Nc7 1-0

[Event "NJSK 2024 C"]
[Site "Groningen, Netherlands"]
[Date "2024.05.01"]
[Round "6.12"]
[White "Klein Tuente, Sam"]
[Black "Haque, Nishaaz"]
[Result "1-0"]
[TimeControl "90min/40moves + 30min + 30sec/move"]
[WhiteElo "1732"]
[BlackElo "1803"]

1. e4 c5 2. Nf3 Nc6 3. d4 cxd4 4. Nxd4 e5 5. Nb5 d6 6. c4 Be6 7. Bd3 Nf6 8. O-O g6 9. N1c3 a6 10.
Na3 Bg7 11. Nc2 O-O 12. Nd5 Bxd5 13. cxd5 Ne7 14. Be3 Nd7 15. a4 a5 16. Na3 f5 17. f3 f4 18. Bf2 g5 19. Nc4 Nf6 20.
Bb6 Qd7 21. Bxa5 Ra6 22. b4 h5 23. Nb6 Qe8 24. Bxa6 bxa6 25. Nc4 Nc8 26. Rb1 g4 27. b5 Qg6 28. b6 Nxb6 29. Rxb6 1-0

[Event "NJSK 2024 C"]
[Site "Groningen, Netherlands"]
[Date "2024.05.01"]
[Round "6.13"]
[White "Etienne, Ghilon"]
[Black "Stylianou, Alexandros"]
[Result "1-0"]
[TimeControl "90min/40moves + 30min + 30sec/move"]
[WhiteElo "1793"]
[BlackElo "1642"]

1. e4 c5 2. Nf3 Nc6 3. d4 cxd4 4. Nxd4 g6 5. Be3 Bg7 6. Nc3 d6 7. f3 Bd7 8. Qd2 Nf6 9. O-O-O O-O 10.
g4 a6 11. h4 b5 12. h5 Ne8 13. hxg6 fxg6 14. Qh2 Nf6 15. Nd5 Kf7 16. Nxf6 exf6 17. Qxd6 Rc8 18. Qd5+ Ke8 19. Nxc6 Bxc6 20.
Qe6+ Qe7 21. Qxc8+ Kf7 22. Qxc6 1-0

[Event "NJSK 2024 C"]
[Site "Groningen, Netherlands"]
[Date "2024.05.01"]
[Round "7.1"]
[White "Groenewoud, Joel"]
[Black "Ritzerveld, Noah"]
[Result "1/2-1/2"]
[TimeControl "90min/40moves + 30min + 30sec/move"]
[WhiteElo "2030"]
[BlackElo "2103"]

1. e4 e5 2. Nf3 Nc6 3. Bc4 Nf6 4. Ng5 d5 5. exd5 Na5 6. Bb5+ c6 7. dxc6 bxc6 8. Be2 h6 9. Nf3 e4 10.
Ne5 Bc5 11. c3 O-O 12. O-O Bd6 13. d4 exd3 14. Nxd3 Bf5 15. b3 Re8 16. Be3 Nd5 17. Bd2 Nb7 18. Re1 Qf6 19. Nb2 Rad8 20.
Nc4 Bf4 21. Bf3 Rxe1+ 22. Qxe1 Bxd2 23. Nbxd2 Nxc3 24. Nf1 Be4 25. Bxe4 Nxe4 26. Rc1 Nbc5 27. Rc2 Qd4 28. Qe3 Qd1 29.
Rc1 Qd5 30. f3 Ng5 31. Ne5 Nge6 32. b4 Nd3 33. Nxd3 Qxd3 34. Qxd3 Rxd3 35. Rxc6 Ra3 36. Rc2 Nd4 37. Rd2 Nb5 38.
Re2 Ra4 39. Re8+ Kh7 40. Rb8 Nc3 41. Ne3 1/2-1/2

[Event "NJSK 2024 C"]
[Site "Groningen, Netherlands"]
[Date "2024.05.01"]
[Round "7.2"]
[White "Tetova, Amir"]
[Black "Kurt, Sascha"]
[Result "0-1"]
[TimeControl "90min/40moves + 30min + 30sec/move"]
[WhiteElo "1767"]
[BlackElo "2096"]

1. d4 Nf6 2. Bf4 d5 3. Nf3 c5 4. c3 Nc6 5. e3 Qb6 6.
Qb3 c4 7. Qxb6 axb6 8. Na3 Bf5 9. Nb5 Ra5 10. Nc7+ Kd7 11. Ne5+ Nxe5 12. dxe5 Nh5 13. e6+ Bxe6 14. Nxe6 Kxe6 15.
Bc7 Ra6 16. e4 Kd7 17. Bg3 Nxg3 18. hxg3 e6 19. exd5 exd5 20. a3 b5 21. Rd1 Re6+ 22. Be2 Kc6 23. Rh5 Bc5 24. Rdxd5 b6 25.
Rde5 Rxe5 26. Rxe5 Kd6 27. Rf5 f6 28. Bf3 Re8+ 29. Kf1 Kc7 30. Rd5 g6 31. Bg4 Re7 32. Bf3 h5 33. Be2 Rh7 34.
Bf3 h4 35. gxh4 Rxh4 36. g3 Rh2 37. Rd2 Bd6 38. Re2 Be5 39. Kg1 Rh8 40. Be4 g5 41. Bc2 Ra8 42. Kg2 Ra7 43. Rd2 Bxc3 44.
bxc3 Rxa3 45. Be4 Rxc3 46. Rb2 Kd6 47. Rxb5 Rb3 48. Rd5+ Ke6 49. Rd8 b5 50. Kf1 Rb2 51. Bc6 c3 52.
Rc8 c2 53. Bxb5 Rb1+ 54. Kg2 c1=Q 55. Rxc1 Rxc1 56. Be2 Ke5 57. f3 Rc2 58. Kf2 Kd4 59. f4 gxf4 60. gxf4 f5 61. Kf3 Rc3+ 62.
Kg2 Ke3 63. Bh5 Kxf4 64. Kh2 Rg3 65. Bd1 Rg7 66. Kh3 Ke3 67. Ba4 f4 68. Bb5 f3 69. Bf1 f2 70. Bc4 Kd2 0-1

[Event "NJSK 2024 C"]
[Site "Groningen, Netherlands"]
[Date "2024.05.01"]
[Round "7.3"]
[White "Chua, Ethan"]
[Black "Aravindhan, Achyuth"]
[Result "1-0"]
[TimeControl "90min/40moves + 30min + 30sec/move"]
[WhiteElo "2000"]
[BlackElo "2071"]

1. e4 c5 2. Nf3 Nc6 3. d4 cxd4 4. Nxd4 Nf6 5. Nc3 e5 6. Ndb5 d6 7. Bg5 a6 8. Na3 b5 9. Bxf6 gxf6 10.
Nd5 f5 11. Bd3 Be6 12. O-O Bxd5 13. exd5 Ne7 14. Nxb5 Bg7 15. Nc3 O-O 16. Qe2 Qb6 17. Rab1 f4 18. b4 f5 19. Na4 Qa7 20. c4 Ng6 21.
c5 f3 22. Qe3 fxg2 23. Kxg2 f4 24. Qh3 Rf6 25. f3 a5 26. b5 dxc5 27. b6 Qe7 28. b7 Rb8 29. Qc8+ Rf8 30. Qe6+ Kh8 31.
Qxe7 Nxe7 32. Be4 Rfd8 33. Nxc5 Nxd5 34. Bxd5 Rxd5 35. Na6 Rdd8 36. Nxb8 Rxb8 37. Rfc1 1-0

[Event "NJSK 2024 C"]
[Site "Groningen, Netherlands"]
[Date "2024.05.01"]
[Round "7.4"]
[White "Grooten, Tommy"]
[Black "Zecha, Oscar"]
[Result "1-0"]
[TimeControl "90min/40moves + 30min + 30sec/move"]
[WhiteElo "2018"]
[BlackElo "1998"]

1. d4 Nf6 2. c4 e6 3. Nc3 Bb4 4.
f3 c5 5.
d5 b5 6.
e4 d6 7.
a3 Ba5 8. Bd2 bxc4 9. Bxc4 O-O 10. Nge2 Ba6 11. b3 Nfd7 12. O-O Bxc4 13. bxc4 Nb6 14. Qb3 N8d7 15. Bf4 e5 16. Be3 Rb8 17.
Qa2 a6 18. Rab1 Re8 19. g3 Nf8 20. Bf2 Ng6 21. Nd1 Qd7 22. Ne3 Qa4 23. Rb2 h6 24. Rfb1 Qd7 25. Be1 Bxe1 26. Rxb6 Rxb6 27.
Rxb6 Ne7 28. Qb3 f5 29. exf5 Nxf5 30. Rb7 Qc8 31. Nxf5 Qxf5 32. Qb1 Qxb1 33. Rxb1 Ba5 34. Rb3 Kf7 35. Kf2 g6 36. Ke3 Re7 37.
g4 Rd7 38. Ng3 Ke7 39. Rb8 Rd8 40. Rxd8 Kxd8 41. Ke2 Ke7 42. h4 Bc3 43. h5 gxh5 44. gxh5 Bb2 45. Nf5+ Kf6 46. Nxd6 Bxa3 47.
Ne4+ Kf5 48. Kd3 a5 49. Nc3 Bb4 50. Na4 Ba3 51. Kc2 Kf6 52. Kb3 Bb4 53. Nb2 Ke7 54. Nd3 Kd6 55. Nf2 Kd7 56.
Ka4 Kd6 57. Ne4+ Kd7 58. Kb5 Be1 59. Nxc5+ Kc7 60. Ne4 Kd7 61. c5 Kc7 62. d6+ Kd7 63. Nf6+ Kd8 64. c6 Bb4 65. c7+ Kc8 66.
Kc6 1-0

[Event "NJSK 2024 C"]
[Site "Groningen, Netherlands"]
[Date "2024.05.01"]
[Round "7.5"]
[White "Terlouw, Wouter"]
[Black "Ngangbam, Chingthang"]
[Result "1-0"]
[TimeControl "90min/40moves + 30min + 30sec/move"]
[WhiteElo "1961"]
[BlackElo "1713"]

1. d4 Nf6 2. Bg5 d5 3. Bxf6 exf6 4. e3 Bd6 5. Bd3 c6 6. Nd2 O-O 7. Qf3 Re8 8. Ne2 Nd7 9. g4 Nf8 10.
h4 Be6 11. O-O-O Qa5 12. Kb1 b5 13. g5 Be7 14. Nb3 Qc7 15. Rdg1 fxg5 16. hxg5 g6 17. Nf4 a5 18. Rh6 b4 19.
Qg3 Bd6 20. Qh4 a4 21. Nc5 Bxc5 22. dxc5 a3 23. Ne2 axb2 24. Kxb2 Qa5 25. Kc1 Qxa2 26. Qxb4 Reb8 27. Qc3 Bc8 28. Kd2 Ra3 29. Qe5 Rb2 30.
Rc1 Rxd3+ 31. Kxd3 Bf5+ 32. e4 Bxe4+ 33. Ke3 Rb4 34. Qa1 Qxa1 35. Rxa1 Bxc2 36. Nd4 Ba4 37. f4 Bb5 38. f5 Rc4 39.
f6 Rc3+ 40. Kf4 Rxc5 41. Ra8 Rc4 42. Ke5 Ra4 43. Rb8 Ra3 44. Rh1 Re3+ 45. Kd6 Rg3 46. Ra1 Rxg5 47. Rxf8+ Kxf8 48. Ra8# 1-0

[Event "NJSK 2024 C"]
[Site "Groningen, Netherlands"]
[Date "2024.05.01"]
[Round "7.6"]
[White "Darie, Aden"]
[Black "De Jong, Lode"]
[Result "1/2-1/2"]
[TimeControl "90min/40moves + 30min + 30sec/move"]
[WhiteElo "1923"]
[BlackElo "1587"]

1. e4 d6 2. d4 Nf6 3. Nc3 g6 4. f4 Bg7 5. Nf3 c5 6. dxc5 Qa5 7. Bd3 Qxc5 8. Qe2 O-O 9. Be3 Qa5 10.
O-O Bg4 11. Rae1 Nc6 12. Kh1 Nd7 13. h3 Bxf3 14. Qxf3 Nc5 15. Bd2 Nxd3 16. cxd3 Rac8 17. f5 Qa6 18. Nd5 Qxa2 19. f6 exf6 20.
Nxf6+ Kh8 21. Bc3 Ne5 22. Qg3 Qe6 23. Qh4 Bxf6 24. Rxf6 Qe7 25. Ref1 Rxc3 26. bxc3 Nd7 1/2-1/2

[Event "NJSK 2024 C"]
[Site "Groningen, Netherlands"]
[Date "2024.05.01"]
[Round "7.7"]
[White "Roorda, Cas"]
[Black "Ambrona Navarro, Himar"]
[Result "1-0"]
[TimeControl "90min/40moves + 30min + 30sec/move"]
[WhiteElo "1828"]
[BlackElo "1963"]

1. e4 c5 2. Nf3 d6 3. d4 cxd4 4. Nxd4 Nf6 5. Nc3 g6 6. Be3 a6 7. f3 h5 8. Qd2 Bg7 9. a4 b6 10. Be2 Bb7 11. O-O Nbd7 12. Rfd1 Rc8 13. Qe1 O-O 14. Qf1 Nc5 15.
e5 Ne8 16. e6 fxe6 17. b4 e5 18. Bc4+ Kh7 19. bxc5 exd4 20. Bxd4 Bxd4+ 21. Rxd4 Rxc5 22. Ne4 Bxe4 23. Rxe4 d5 24. Rd1 Nf6 25. Red4 e5 26.
R4d2 b5 27. Bb3 bxa4 28. Bxa4 Ne4 29. Rd3 Ra5 30. Qe2 Qb6+ 31. Qe3 Qxe3+ 32. Rxe3 Rxa4 33. fxe4 d4 34. Rb3 Rc8 35. Rb7+ Kh6 36.
h4 Rxc2 37. Rf1 Rb4 38. Rxb4 Re2 39. Rb7 Rxe4 40. g3 d3 41. Rff7 d2 42. Rh7# 1-0

[Event "NJSK 2024 C"]
[Site "Groningen, Netherlands"]
[Date "2024.05.01"]
[Round "7.8"]
[White "Winter, Sven"]
[Black "Klein Tuente, Sam"]
[Result "1-0"]
[TimeControl "90min/40moves + 30min + 30sec/move"]
[WhiteElo "1768"]
[BlackElo "1732"]

1. e4 c5 2. Nf3 e6 3. Nc3 Nc6 4. Bb5 Nd4 5. Bc4 Nf6 6. e5 Ng4 7. Nxd4 Nxe5 8. Nxe6 dxe6 9. Bb5+ Bd7 10.
Be2 Bc6 11. d3 Qh4 12. O-O Bd6 13. f4 Ng6 14. g3 Qf6 15. Be3 Rd8 16. Bf3 Ne7 17. Bxc6+ Nxc6 18. Qg4 Qg6 19. Qxg6 hxg6 20.
Ne4 b6 21. a3 Be7 22. b4 f5 23. Ng5 Bxg5 24. fxg5 cxb4 25. axb4 Nxb4 26. Rxa7 O-O 27. Bxb6 Rc8 28. Bd4 Rf7 29.
Rxf7 Kxf7 30. Rb1 Nxc2 31. Rb7+ Ke8 32. Bxg7 Ne3 33. Rb1 Rc2 34. Bd4 Rg2+ 35. Kh1 Re2 36. Bxe3 Rxe3 37. Rd1 Ke7 38.
Kg1 Re2 39. Rb1 Rd2 40. Rb7+ Kf8 41. Rd7 e5 42. Rd5 Re2 43. h4 Ke7 44. Kf1 Re3 45. Kf2 f4 46. gxf4 exf4 47. Rd4 Rh3 48.
Kg2 Rxh4 49. Kf3 Ke6 50. Rxf4 Rh3+ 51. Ke4 Rg3 52. Rf6+ Ke7 53. Rxg6 Kf7 54. Rf6+ Ke7 55. Rf5 Ke6 56.
Re5+ Kd6 57. Ra5 Rg4+ 58. Kf5 Rd4 59. Kf6 Rxd3 60. Rf5 Kd7 61. Kf7 Re3 62. g6 Re7 63. Kf8 Re8+ 64. Kg7 Ke6 65.
Rf6+ Ke7 66. Rf2 Ra8 67. Re2+ Kd7 68. Kf7 Ra1 69. Rd2+ Kc7 70. Rf2 Kd6 71. g7 Ra7+ 72. Kg6 Ra8 73.
Rf8 Ra1 74. g8=Q Rg1 75. Kf5 Rf1+ 76. Ke4 Re1+ 77. Kd3 1-0

[Event "NJSK 2024 C"]
[Site "Groningen, Netherlands"]
[Date "2024.05.01"]
[Round "7.9"]
[White "Lalkota, Sai Pranav Tejas"]
[Black "Guillaumond, Matthieu"]
[Result "0-1"]
[TimeControl "90min/40moves + 30min + 30sec/move"]
[WhiteElo "1782"]
[BlackElo "1945"]

1. c4 c5 2. g3 g6 3. Bg2 Bg7 4. Nc3 Nc6 5. Nf3 d6 6. O-O e5 7. e3 Nge7 8. d3 O-O 9. Bd2 a6 10.
Ne2 b5 11. Rc1 bxc4 12. dxc4 e4 13. Ne1 f5 14. Bc3 Ne5 15. b3 Be6 16. Qd2 Rc8 17. f3 exf3 18. Nxf3 Ng4 19. Bxg7 Kxg7 20.
Ng5 Bg8 21. h3 Nf6 22. Bb7 Rc7 23. Nf4 Qd7 24. Bxa6 h6 25. Bb5 Qc8 26. Nf3 Ne4 27. Qb2+ Kh7 28. Kh2 Bf7 29. Nd2 g5 30.
Nxe4 fxe4 31. Ne2 Be6 32. Nc3 Bf5 33. Rcd1 Qd8 34. Qd2 Bg6 35. Nd5 Nxd5 36. Qxd5 Rf6 37. Qd2 Rcf7 38. Qg2 Qf8 39.
Kg1 Rf3 40. Rxf3 exf3 41. Qf2 Be4 42.
a4 Rf6 43. Kh2 Qc8 44. Rf1 Qf5 45. a5 Qe5 46. Rc1 h5 47. Kg1 Qf5 48. Kh2 Qe5 49. Kg1 Kh6 50. Kh2 h4 51. a6 hxg3+ 52. Qxg3 Qb2+ 0-1

[Event "NJSK 2024 C"]
[Site "Groningen, Netherlands"]
[Date "2024.05.01"]
[Round "7.10"]
[White "Leenen, Boyd"]
[Black "Frederiks, Jesse"]
[Result "1-0"]
[TimeControl "90min/40moves + 30min + 30sec/move"]
[WhiteElo "1920"]
[BlackElo "1718"]

1. Nf3 Nf6 2. e3 e6 3. b3 d5 4. Bb2 c5 5. Be2 Nbd7 6. d4 b6 7. O-O Bb7 8. c4 Be7 9. Nbd2 O-O 10.
Ne5 Rc8 11. f4 Ne4 12. Nxe4 dxe4 13. Nxd7 Qxd7 14. Qc2 Rfd8 15. Rfd1 Qc7 16. Rac1 cxd4 17. Bxd4 Bc5 18. Qc3 Bxd4 19.
Rxd4 Rxd4 20. Qxd4 Rd8 21. Qc3 h6 22. Rd1 Rxd1+ 23. Bxd1 Qd7 24. Qd4 Qxd4 25. exd4 f5 26. Kf2 Kf7 27.
Ke3 g6 28. g3 Ke7 29. b4 Bc6 30. a4 Kd7 31. Bb3 Kd6 32. b5 Bd7 33. Kd2 Bc8 34. Kc3 Bd7 35. Kb4 Bc8 36. c5+ Kc7 37.
h4 h5 38. Bc4 bxc5+ 39. dxc5 Kd7 40.
Kc3 Ke7 41. Kd4 Bb7 42. Ke5 Bd5 43. Be2 Bb3 44. a5 Kd7 45. b6 axb6 46. cxb6 Kc6 47. Bb5+ Kb7 48. Kd6 Bc2 49. Bc6+ Ka6 50.
b7 e3 51. b8=Q e2 52. Qb6# 1-0

[Event "NJSK 2024 C"]
[Site "Groningen, Netherlands"]
[Date "2024.05.01"]
[Round "7.11"]
[White "Koppenens, Oscar"]
[Black "De Wit, Evan"]
[Result "1-0"]
[TimeControl "90min/40moves + 30min + 30sec/move"]
[WhiteElo "1893"]
[BlackElo "1769"]

1. e4 c5 2. Nf3 Nc6 3. d4 cxd4 4. Nxd4 Nf6 5. Nc3 e5 6. Ndb5 d6 7. Bg5 a6 8. Na3 b5 9. Nd5 Be7 10.
Bxf6 Bxf6 11. c3 Bg5 12. Nc2 O-O 13. h4 Bh6 14. g3 Be6 15. Nce3 Rb8 16. Bg2 b4 17. O-O bxc3 18. bxc3 Qa5 19.
Nc4 Qc5 20. Nxd6 Rfd8 21. Nf5 Bxf5 22. exf5 Rb5 23. Qg4 Rb2 24. Rad1 Kh8 25. f6 g6 26. Nb4 Rxd1 27. Qxd1 Nxb4 28.
cxb4 Qxb4 29. Qd5 Qf8 30. Qxe5 Rb5 31. Qc7 Rc5 32. Qb6 Rc1 33. Qxa6 Rxf1+ 34. Qxf1 Qd8 35. Qe2 Qxf6 36. Bd5 Kg7 37.
Qe8 Bd2 38. a4 Bc3 39. Qe2 Qd4 40. Qf3 Qf6 41. Qd3 Be1 42. Qe2 Bc3 43. Kg2 Qd4 44. Qa2 Qa7 45. Qc4 Qd4 46. Qb3 Qb4 47. Qa2 Qb2 48. Bxf7 Qxa2 49.
Bxa2 h6 50. Kf3 Kf6 51. Ke3 g5 52. h5 Ke5 53. f4+ gxf4+ 54. gxf4+ Kd6 55. Ke4 Bd2 56. Bc4 Bc3 57. Kf5 Bd2 58. Bd3 Kd5 59. Be4+ Kd6 60. Bc2 Ke7 61. Ke5 Bc3+ 62.
Kd5 Kd7 63. Bf5+ Kc7 64. Bg4 Bd2 65. Ke5 Kd8 66. f5 Ke8 67. Kf6 Kf8 68. Be2 Bg5+ 69. Kg6 Bd2 70. Bc4 Ke7 71. f6+ Ke8 72.
f7+ Kf8 73. Bb3 Bc3 74. Kxh6 Ba5 75. Kg6 Bc3 76. h6 Bf6 77. h7 1-0

[Event "NJSK 2024 C"]
[Site "Groningen, Netherlands"]
[Date "2024.05.01"]
[Round "7.12"]
[White "Kors, Siebe"]
[Black "Etienne, Ghilon"]
[Result "0-1"]
[TimeControl "90min/40moves + 30min + 30sec/move"]
[WhiteElo "1668"]
[BlackElo "1793"]

1. e4 e5 2. Nf3 Nc6 3. d4 exd4 4. Nxd4 Bc5 5. Nxc6 bxc6 6. Bc4 d6 7. O-O Nf6 8. Nd2 O-O 9. h3 d5 10.
exd5 cxd5 11. Bb5 Bd7 12. Bxd7 Qxd7 13. Nb3 Bb6 14. Re1 Rfe8 15. Bf4 Rxe1+ 16. Qxe1 Re8 17. Qb4 Ne4 18. Rf1 c5 19.
Qa3 c4 20. Nd2 Nxf2 21. Rxf2 Re2 22. Bg3 Rxd2 23. Qb4 Bxf2+ 24. Bxf2 Rd1+ 25. Kh2 Qc7+ 26. g3 h6 27. Kg2 d4 28.
b3 Qc6+ 0-1

[Event "NJSK 2024 C"]
[Site "Groningen, Netherlands"]
[Date "2024.05.01"]
[Round "7.13"]
[White "Van Haaften, Jelle"]
[Black "Haque, Nishaaz"]
[Result "1-0"]
[TimeControl "90min/40moves + 30min + 30sec/move"]
[WhiteElo "1655"]
[BlackElo "1803"]

1. e4 c5 2. c4 d6 3. Nc3 Nc6 4. g3 g6 5. Nge2 Bg7 6. Bg2 e5 7. d3 Nge7 8. O-O O-O 9. f4 f5 10.
Bd2 Bd7 11. a3 a6 12. Qc2 Qc7 13. Nd5 Nxd5 14. cxd5 Ne7 15. fxe5 dxe5 16. b4 b6 17. Rac1 Rfc8 18.
bxc5 Qxc5+ 19. Qxc5 bxc5 20. d6 Nc6 21. Rxc5 Bf8 22. Rfc1 Nd4 23. Nxd4 Rxc5 24. Rxc5 exd4 25. e5 Re8 26.
Bf4 h6 27. h4 Bg7 28. Rc7 Be6 29. Bd5 Bxd5 30. d7 Rd8 31. Rc8 Kf7 32. Rxd8 Ke7 33. Rb8 Kxd7 34. Rb6 g5 35. Rd6+ Ke7 36.
hxg5 1-0

[Event "NJSK 2024 C"]
[Site "Groningen, Netherlands"]
[Date "2024.05.02"]
[Round "8.1"]
[White "Kurt, Sascha"]
[Black "Groenewoud, Joel"]
[Result "0-1"]
[TimeControl "90min/40moves + 30min + 30sec/move"]
[WhiteElo "2096"]
[BlackElo "2030"]

1. e4 c6 2. d4 d5 3. exd5 cxd5 4. c4 Nf6 5. Nc3 g6 6. cxd5 Bg7 7. Nf3 Nxd5 8. Bc4 Nxc3 9. bxc3 O-O 10.
O-O Qc7 11. Qb3 Nc6 12. Ng5 e6 13. Bd3 b6 14. Be3 Bb7 15. f4 Rac8 16. Rac1 Na5 17. Qc2 Nc4 18. Bd2 Ba6 19. Bxc4 Bxc4 20. Rf2 Bd5 21. Qa4 Qb7 22. Rb1 Rc4 23.
Qb5 Rb8 24. Nf3 a6 25. Qb2 Ra4 26. a3 Bf8 27. Ra1 Qe7 28. Bc1 Bxf3 29. Rxf3 b5 30. Qb3 Rc8 31. Bb2 Qc7 32. Qd1 Bd6 33.
g3 Qc4 34. Kg2 Qd5 35. h3 h5 36. Kf2 a5 37. Kg1 Rac4 38. Rf2 h4 39. g4 Rxc3 40. Bxc3 Rxc3 41. Kh2 g5 42. Rc1 Bxf4+ 43. Rxf4 Qa2+ 44. Kg1 Rg3+ 45. Kf1 Qg2+ 46. Ke1 Re3+ 47. Qe2 Qxe2# 0-1